 Dungeon Crawl Stone Soup version 0.29.0-5-ge4962eb29e (webtiles) character file.

Game seed: 4403225528973787616

20146 freelancePsychic the Basher (level 12, -5/110 HPs)
             Began as a Ghoul Fire Elementalist on Aug 29, 2022.
             Was an Elder of Makhleb.
             Slain by a minotaur (11 damage)
             ... on level 2 of the Lair of Beasts.
             The game lasted 00:24:58 (19832 turns).

freelancePsychic the Basher (GhFE)                 Turns: 19832, Time: 00:24:58

Health: -5/110     AC: 15    Str: 17    XL:     12   Next: 76%
Magic:  18/18      EV:  7    Int: 10    God:    Makhleb [****..]
Gold:   865        SH:  4    Dex:  9    Spells: 13/14 levels left

rFire   + . .      SeeInvis .   q - +2 flail (vorpal)
rCold   . . .      Faith    .   z - +0 buckler
rNeg    + + +      Spirit   .   k - +0 chain mail
rPois   ∞          Reflect  .   (no helmet)
rElec   .          Harm     .   g - +1 cloak
rCorr   +          Rampage  .   u - +1 pair of gloves
Will    .....                   t - +0 pair of boots
Stlth   ..........              (no amulet)
HPRegen 0.00/turn               p - ring of fire
MPRegen 0.16/turn               J - ring of resist corrosion

@: inhibited regen
A: claws 1, cold resistance 1, negative energy resistance 3, inhibited
regeneration, torment resistance 2, devour on kill
a: Renounce Religion, Minor Destruction, Lesser Servant of Makhleb, Major
Destruction


You were on level 2 of the Lair of Beasts.
You worshipped Makhleb.
Makhleb was greatly pleased with you.
You visited 2 branches of the dungeon, and saw 14 of its levels.

You collected 865 gold pieces.

Inventory:

Hand Weapons
 d - a +0 whip
 q - a +2 vorpal flail (weapon)
Missiles
 h - 3 throwing nets
Armour
 g - a +1 cloak (worn)
 k - a +0 chain mail (worn)
 t - a +0 pair of boots (worn)
 u - a +1 pair of gloves (worn)
 z - a +0 buckler (worn)
Jewellery
 p - a ring of fire (left hand)
 I - a ring of fire
 J - a ring of resist corrosion (right hand)
 Q - a +6 ring of intelligence
Wands
 x - a wand of polymorph (5)
 A - a wand of charming (32)
 D - a wand of flame (16)
 L - a wand of roots (8)
 O - a wand of digging (9)
Scrolls
 a - a scroll of magic mapping
 c - 3 scrolls of amnesia
 i - 5 scrolls of teleportation {@r4}
 m - 4 scrolls of immolation
 n - 3 scrolls of blinking
 w - 2 scrolls of enchant armour
 y - a scroll of torment
 B - 2 scrolls of identify {@r1}
 F - 2 scrolls of butterflies
 G - a scroll of brand weapon
 M - 2 scrolls of enchant weapon
 N - 2 scrolls of poison
 P - a scroll of silence
Potions
 b - a potion of magic
 e - a potion of heal wounds {@q2}
 f - 2 potions of attraction
 j - 2 potions of brilliance
 l - 4 potions of curing {@q1}
 o - 3 potions of mutation
 r - 2 potions of flight
 s - a potion of haste {@q3}
 v - a potion of might
 C - a potion of resistance
 E - a potion of ambrosia
 H - 2 potions of invisibility
 K - a potion of degeneration


   Skills:
 + Level 11.2 Fighting
 * Level 13.2 Maces & Flails
 + Level 4.4 Armour
 - Level 1.7 Dodging
 - Level 3.1 Stealth
 - Level 3.2 Shields
 - Level 1.7 Spellcasting
 - Level 0.7 Conjurations
 - Level 2.4 Fire Magic
 - Level 9.6 Invocations


You had 13 spell levels left.
You knew the following spells:

 Your Spells              Type           Power      Damage    Failure   Level
a - Foxfire               Conj/Fire      24%        2x1d5     97%         1

Your spell library contained the following spells:

 Spells                   Type           Power      Damage    Failure   Level
 Scorch                   Fire           16%        2d5       97%         2
 Apportation              Tloc           0%         N/A       99%         1
 Necrotise                Necr           0%         1d4       99%         1
 Summon Small Mammal      Summ           0%         N/A       99%         1
 Call Canine Familiar     Summ           0%         N/A       100%        3
 Conjure Flame            Conj/Fire      6%         6-21      100%        3
 Inner Flame              Hex/Fire       4%         N/A       100%        3
 Portal Projectile        Hex/Tloc       0%         N/A       100%        3
 Animate Dead             Necr           0%         N/A       100%        4
 Flame Wave               Conj/Fire      6%         2d5       100%        4
 Leda's Liquefaction      Hex/Erth       0%         N/A       100%        4
 Olgreb's Toxic Radiance  Pois           0%         N/A       100%        4
 Haunt                    Necr/Summ      0%         N/A       100%        7
 Ozocubu's Refrigeration  Ice            0%         4d7       100%        7
 Ignition                 Fire           4%         3d4       100%        8
 Infestation              Necr           0%         N/A       100%        8


Dungeon Overview and Level Annotations

Branches:
Dungeon (12/15)            Temple (0/1) D:7            Lair (2/5) D:10
 Shoals (0/4) Lair:2          Orc (0/2) D:12
  Snake: Lair:2-3    Spider: Lair:2-3

Altars:
Ashenzari
Cheibriados
Dithmenos
Makhleb
Nemelex Xobeh
Okawaru
Ru
Sif Muna
Vehumet
Xom
Yredelemnul

Shops:
D:5 :

Annotations:
D:3 exclusion: door


Innate Abilities, Weirdness & Mutations

You are immune to poison.
You have sharp fingernails.
Your flesh is cold resistant. (rC+)
You are immune to negative energy. (rN+++)
You do not regenerate when monsters are visible.
You are immune to unholy pain and torment.
You thrive by killing the living.


Message History

Your smoke demon dies!
Your smoke demon disappears in a puff of smoke!
The minotaur throws a silver javelin.
The silver javelin pierces through you!
Aiming: Major Destruction (2% risk of failure)
Press: ? - help, Shift-Dir - straight line, f - minotaur
Aim: a minotaur, wearing a +0 plate armour and quivering silver javelins (moderately wounded)
The bolt of fire hits the minotaur!
The minotaur is heavily wounded.
Aiming: Major Destruction (2% risk of failure)
Press: ? - help, Shift-Dir - straight line, f/p - minotaur
Aim: a minotaur, wearing a +0 plate armour and quivering silver javelins (heavily wounded)
The bolt of fire hits the minotaur!
The minotaur is severely wounded.
The minotaur throws a silver javelin.
The silver javelin pierces through you!!
* * * LOW HITPOINT WARNING * * *
x2 You don't have enough health at the moment.
Unknown command.
You feel much better.
The minotaur throws a silver javelin.
The silver javelin pierces through you!
* * * LOW HITPOINT WARNING * * *
x2 You feel much better.
Okay, then.
Aiming: Major Destruction (2% risk of failure)
Press: ? - help, Shift-Dir - straight line, f/p - minotaur
Aim: a minotaur, wearing a +0 plate armour and quivering silver javelins (severely wounded)
The bolt of acid hits the minotaur.
The acid corrodes the minotaur!
The minotaur is severely wounded.
You hit the minotaur but do no damage.
The minotaur is severely wounded.
You sock the minotaur!
The minotaur is almost dead.
The minotaur hits you!!
* * * LOW HITPOINT WARNING * * *
The minotaur gores you but does no damage.
Aiming: Major Destruction (2% risk of failure)
Press: ? - help, Shift-Dir - straight line, f/p - minotaur
Aim: a minotaur, wearing a +0 plate armour and quivering silver javelins (almost dead, covered in acid)
The bolt of magma misses the minotaur.
The minotaur hits you!
You die...

..#
##############.#
..#
#............#.#
..#
#.##########.#.#
..# #.# #...#
..# #.# ###
#.#.# ..# #.#
##.. #.#.# ..#
#.# #.8< .#.#.#
..# #.# .88
.#.#.# ### #.#
.. #.#@#.#
#.#.⌠##H#⌠.#H#.#
#.#........#.#.#
########.###.#.#
........H§..#.#
#############


You could see a minotaur (corroded).

Vanquished Creatures
  Harold (Lair:1)
  2 hydras (Lair:1)
  2 two-headed ogres
  4 cyclopes
  A guardian serpent (D:11)
  A merfolk siren (Lair:2)
  9 elephants (Lair:2)
  2 black mambas (Lair:1)
  3 cane toads (Lair:2)
  A gargoyle (D:11)
  A komodo dragon (D:11)
  3 trolls
  2 hornets
  A slime creature (D:12)
  4 wyverns
  A wraith (D:9)
  A vampire (D:10)
  19 yaks
  3 basilisks
  An acid dragon (D:10)
  4 water moccasins
  8 orc warriors
  An ice beast (D:6)
  A black bear (D:6)
  2 ogres
  3 centaurs
  5 kobold brigands
  5 bullfrogs
  A gnoll sergeant (D:9)
  4 necrophages
  2 scorpions
  4 killer bees (D:7)
  5 howler monkeys
  3 hounds
  A jelly (D:6)
  9 orc priests
  A gnoll bouda (D:8)
  Jessica (D:3)
  4 iguanas
  13 orc wizards
  7 gnolls
  3 adders
  A shadow imp (D:7)
  2 white imps
  2 ufetubi
  3 dart slugs
  62 orcs
  2 bats
  6 endoplasms
  2 giant cockroaches
  5 goblins
  4 hobgoblins
  4 jackals
  26 kobolds
  2 quokkas
  6 ball pythons
  3 frilled lizards
  7 rats
286 creatures vanquished.

Vanquished Creatures (collateral kills)
  A shadow (D:10)
  Edmund (D:5)
2 creatures vanquished.

Vanquished Creatures (others)
  111 foxfires
  A fungus (Lair:1)
  A plant (Lair:2)
113 creatures vanquished.

Grand Total: 401 creatures vanquished

Notes
Turn   | Place    | Note
-------+----------+-------------------------------------------
     0 | D:1      | freelancePsychic the Ghoul Fire Elementalist began the
                  | quest for the Orb.
     0 | D:1      | Reached XP level 1. HP: 14/14 MP: 2/2
   191 | D:1      | Reached skill level 1 in Fighting
   191 | D:1      | Reached XP level 2. HP: 19/23 MP: 0/3
   995 | D:2      | Reached skill level 1 in Maces & Flails
  1083 | D:2      | Reached XP level 3. HP: 15/28 MP: 4/4
  1423 | D:2      | Found a faded altar of an unknown god.
  1439 | D:2      | Prayed at the altar of an unknown god.
  1439 | D:2      | Became a worshipper of Makhleb the Destroyer
  1439 | D:2      | Reached * piety under Makhleb
  2468 | D:3      | Reached XP level 4. HP: 30/36 MP: 1/5
  2626 | D:3      | Reached skill level 2 in Maces & Flails
  2790 | D:3      | Found a snail-covered altar of Cheibriados.
  3054 | D:3      | Noticed Jessica
  3061 | D:3      | Killed Jessica
  3062 | D:3      | Reached skill level 1 in Invocations
  3116 | D:3      | Found a shimmering blue altar of Sif Muna.
  3249 | D:3      | Found a shadowy altar of Dithmenos.
  3435 | D:3      | Reached XP level 5. HP: 9/42 MP: 1/6
  3804 | D:4      | Noticed a kobold brigand
  3835 | D:4      | Reached ** piety under Makhleb
  4078 | D:4      | Reached skill level 3 in Maces & Flails
  4205 | D:4      | Reached XP level 6. HP: 50/50 MP: 5/7
  4859 | D:4      | Reached skill level 4 in Maces & Flails
  5062 | D:5      | Entered Level 5 of the Dungeon
  5062 | D:5      | Found Hunoogy's Book Shoppe.
  5089 | D:5      | Noticed Edmund
  5421 | D:5      | Reached XP level 7. HP: 52/58 MP: 8/8
  5846 | D:6      | Reached skill level 5 in Maces & Flails
  5940 | D:6      | Found a basalt altar of Yredelemnul.
  6231 | D:6      | Reached XP level 8. HP: 45/67 MP: 10/10
  6698 | D:7      | Reached skill level 5 in Fighting
  6978 | D:7      | Found a staircase to the Ecumenical Temple.
  7118 | D:7      | Reached skill level 6 in Maces & Flails
  7194 | D:7      | Reached skill level 5 in Invocations
  7406 | D:7      | Found an iron altar of Okawaru.
  7631 | D:7      | Found a sacrificial altar of Ru.
  8134 | D:8      | Noticed a yak
  8135 | D:8      | Noticed a yak
  8135 | D:8      | Noticed a yak
  8136 | D:8      | Noticed a yak
  8138 | D:8      | Noticed a yak
  8138 | D:8      | Noticed a yak
  8155 | D:7      | Killed a yak
  8156 | D:7      | Reached skill level 7 in Maces & Flails
  8156 | D:7      | Reached XP level 9. HP: 41/75 MP: 12/12
  8709 | D:7      | Reached skill level 8 in Maces & Flails
  8822 | D:8      | Reached *** piety under Makhleb
  8865 | D:8      | Noticed a two-headed ogre
  8883 | D:8      | Killed a two-headed ogre
  9156 | D:8      | Noticed a cyclops
  9209 | D:8      | Killed a cyclops
  9210 | D:8      | Reached skill level 9 in Maces & Flails
  9210 | D:8      | Reached XP level 10. HP: 39/88 MP: 14/14
 10416 | D:8      | Found a broken altar of Ashenzari.
 11033 | D:5      | Killed Edmund
 11415 | D:9      | Reached **** piety under Makhleb
 11721 | D:9      | Reached skill level 10 in Maces & Flails
 12995 | D:9      | Reached XP level 11. HP: 95/95 MP: 16/16
 13026 | D:9      | Found a radiant altar of Vehumet.
 13077 | D:10     | Entered Level 10 of the Dungeon
 13255 | D:10     | Noticed a two-headed ogre
 13262 | D:10     | Killed a two-headed ogre
 13263 | D:10     | Reached skill level 1 in Shields
 13474 | D:10     | Found a staircase to the Lair.
 13849 | D:10     | Found a sparkling altar of Nemelex Xobeh.
 14187 | D:11     | Noticed a cyclops
 14199 | D:11     | Killed a cyclops
 14200 | D:11     | Reached skill level 11 in Maces & Flails
 14213 | D:11     | Noticed a cyclops
 14402 | D:11     | Killed a cyclops
 14877 | D:11     | Noticed a cyclops
 14886 | D:11     | Killed a cyclops
 16103 | D:12     | Found a staircase to the Orcish Mines.
 16190 | Lair:1   | Entered Level 1 of the Lair of Beasts
 16190 | Lair:1   | Found a shimmering altar of Xom.
 16619 | Lair:1   | Noticed a six-headed hydra
 16626 | Lair:1   | Killed a six-headed hydra
 16626 | Lair:1   | Noticed a four-headed hydra
 16728 | Lair:1   | Noticed Harold
 16800 | Lair:1   | Killed Harold
 16801 | Lair:1   | Reached skill level 10 in Fighting
 16801 | Lair:1   | Reached skill level 1 in Armour
 16830 | Lair:1   | Killed a four-headed hydra
 16831 | Lair:1   | Reached skill level 12 in Maces & Flails
 16831 | Lair:1   | Reached XP level 12. HP: 24/106 MP: 18/18
 18651 | Lair:2   | Found a staircase to the Shoals.
 18800 | Lair:2   | Reached skill level 13 in Maces & Flails
 19519 | Lair:2   | Found a runed translucent door.
 19807 | Lair:2   | Noticed a minotaur
 19827 | Lair:2   | HP: 4/110 [minotaur/silver javelin (4)]
 19832 | Lair:2   | Slain by a minotaur

Illustrated notes

Levels and vault maps discovered:
D:1:      dpeg_arrival_rhombi, layout_rooms,
          nicolae_concentric_dashed_squares_wild, kennysheep_boxes
D:2:      layout_basic, shapermc_ecumenical_altar_venn
D:3:      layout_loops_cross, mainiacjoe_overflow_alcove_1, lemuel_doored_altar,
          tgw_sif, gammafunk_temple_overflow_claw,
          minmay_misc_feat_four_crosses, nicolae_figureground_pulse
D:4:      layout_layer_cave
D:5:      layout_rooms, nicolae_tso_carved_into_rock, serial_shops,
          nicolae_shop_stone, uniq_edmund
D:6:      layout_loops_cross, mainiacjoe_overflow_surrounded_room, zin_academy,
          mainiacjoe_overflow_chevrons, minmay_misc_feat_room
D:7:      layout_gridville, general_overflow_altar,
          mainiacjoe_overflow_six_doors_small, minmay_temple_entry_mist
D:8:      layout_loops_ring, kennysheep_mini
D:9:      layout_roguey [special_room_orc], lemuel_coloured_pillars_altar
D:10:     layout_small_grid, nemelex_diamond_rough_becter, lair_entry_dummy
D:11:     layout_loops_ring, nrook_guardian_serpent_double
D:12:     minmay_glassy_protrusions, layout_basic, orc_0_dummy,
          grunt_ministairs_3, uniq_josephine, uniq_rupert
Lair:1:   layout_cellular_growth, basic_altar, chequers_serial_rivers_room_b,
          minivault_24, chequers_serial_rivers_marsh, uniq_harold
Lair:2:   dreamdust_labyrinth, layout_chaotic_city,
          minmay_shoals_entry_lonely_mermaid

Skill      XL: |  1  2  3  4  5  6  7  8  9 10 11 12 |
---------------+-------------------------------------+-----
Fighting       | 1 2 3 4 6 7 8 10 11 | 11.2
Maces & Flails | 1 2 3 4 5 7 9 10 12 13 | 13.2
Stealth        | 3 |  3.1
Invocations    | 1 2 3 4 5 7 8 9 |  9.6
Shields        | 3 |  3.2
Armour         | 2 4 |  4.4
Dodging        | |  1.7
Spellcasting   | |  1.7
Conjurations   | |  0.7
Fire Magic     | |  2.4

Action                   |  1- 3 |  4- 6 |  7- 9 | 10-12 || total
-------------------------+-------+-------+-------+-------++-------
Melee: Unarmed           |     5 |       |       |       ||     5
       Whip              |   120 |     3 |       |       ||   123
       Punch             |     1 |       |       |       ||     1
       Flail             |       |   109 |   138 |   549 ||   796
 Cast: Foxfire           |    33 |    31 |       |       ||    64
Invok: Minor Destruction |       |     7 |   137 |   229 ||   373
       Lesser Servant of |       |       |     1 |     4 ||     5
       Major Destruction |       |       |       |    24 ||    24
Evoke: Wand              |       |       |       |     1 ||     1
  Use: Scroll            |     5 |     9 |     7 |    11 ||    32
       Potion            |       |       |       |     6 ||     6
 Stab: Sleeping          |     5 |     5 |       |       ||    10
       Distracted        |     1 |     1 |       |       ||     2
Armor: Robe              |    45 |    42 |    45 |       ||   132
       Chain mail        |       |       |    45 |   385 ||   430
Dodge: Dodged            |    95 |    88 |   107 |   190 ||   480
Block: Buckler           |       |       |     1 |    81 ||    82
